 Dungeon Crawl Stone Soup version 0.27.1-15-g792fb953b9 (webtiles) character file.

Game seed: 17071040367967078226

63454 Fulminus the Geomancer (level 15, -3/89 HPs)
             Began as a Gargoyle Earth Elementalist on Nov 19, 2021.
             Was a High Priest of Vehumet.
             Slain by Rupert (14 damage)
             ... while paralysed by Rupert
             ... on level 11 of the Dungeon.
             The game lasted 02:31:57 (31899 turns).

Fulminus the Geomancer (GrEE)                      Turns: 31899, Time: 02:31:58

Health: -3/89      AC: 28    Str: 13    XL:     15   Next: 9%
Magic:  13/28      EV:  2    Int: 21    God:    Vehumet [*****.]
Gold:   1740       SH:  0    Dex: 10    Spells: 10/32 levels left

rFire    . . .     SeeInvis .   Y - staff of earth
rCold    . . .     Faith    .   E - +0 buckler
rNeg     + . .     Spirit   .   A - +0 steam dragon scales
rPois    ∞         Reflect  .   W - +1 hat
rElec    +         Harm     .   c - +1 cloak {Will+}
rCorr    .         Rampage  .   (no gloves)
Will     ++...                  (no boots)
Stlth    ++........             T - amulet of magic regeneration
HPRegen  0.24/turn              x - +4 ring of protection
MPRegen  0.46/turn              K - +4 ring of protection

@: paralysed, flying
A: sickness immunity, AC +11, big wings, negative energy resistance 1,
electricity resistance, torment resistance 1, petrification resistance
a: Renounce Religion


You were on level 11 of the Dungeon.
You worshipped Vehumet.
Vehumet was extremely pleased with you.
You visited 3 branches of the dungeon, and saw 19 of its levels.
You also visited: Ossuary and Gauntlet.

You collected 2136 gold pieces.
You spent 396 gold pieces at shops.

Inventory:

Hand Weapons
 s - a +1 hand axe of venom
 P - a +2 hand axe of electrocution
Missiles
 H - 276 stones
Armour
 c - a +1 cloak of willpower (worn)
 y - a scarf of invisibility
 A - +0 steam dragon scales (worn)
 E - a +0 buckler (worn)
 W - a +1 hat (worn)
Magical Staves
 g - a staff of air
 w - a staff of conjuration
 R - a staff of earth
 Y - a staff of earth (weapon)
Jewellery
 m - a ring of fire
 x - a +4 ring of protection (left hand)
 I - a ring of protection from fire
 K - a +4 ring of protection (right hand)
 O - an amulet of reflection
 T - an amulet of magic regeneration (around neck)
 X - an amulet of regeneration
 Z - a ring of willpower
Wands
 n - a wand of polymorph (9)
 p - a wand of mindburst (10)
 q - a wand of iceblast (6)
 t - a wand of paralysis (16)
 v - a wand of charming (4)
 B - a wand of acid (10)
 C - a wand of flame (47)
Scrolls
 a - a scroll of magic mapping
 b - a scroll of acquirement
 f - 3 scrolls of blinking
 h - 4 scrolls of amnesia
 j - 4 scrolls of fog
 o - 6 scrolls of teleportation
 r - 2 scrolls of enchant weapon
 u - 2 scrolls of silence
 G - a scroll of brand weapon
 J - 5 scrolls of enchant armour
 M - a scroll of holy word
 S - a scroll of identify
 V - a scroll of fear
Potions
 d - 5 potions of heal wounds
 e - 12 potions of curing
 i - 4 potions of attraction
 k - a potion of lignification
 l - a potion of might
 z - 6 potions of haste
 D - 3 potions of brilliance
 F - a potion of cancellation {unknown}
 L - a potion of resistance {unknown}
 Q - a potion of magic {unknown}
 U - 2 potions of mutation
Miscellaneous
 N - a phial of floods


   Skills:
 + Level 8.7 Fighting
 + Level 8.0 Staves
 - Level 4.0 Armour
 + Level 7.0 Dodging
 - Level 2.1 Stealth
 - Level 4.0 Shields
 + Level 9.0 Spellcasting
 + Level 7.0 Conjurations
 - Level 0.7 Transmutations
 + Level 9.9 Fire Magic
 * Level 8.4 Air Magic
 + Level 12.0 Earth Magic
 + Level 7.3 Evocations


You had 10 spell levels left.
You knew the following spells:

 Your Spells              Type           Power      Damage    Failure   Level
a - Sandblast             Erth           100%       2d20      1%          1
b - Stone Arrow           Conj/Erth      100%       3d13      1%          3
c - Mephitic Cloud        Conj/Pois/Air  31%        N/A       1%          3
d - Bolt of Magma         Conj/Fire/Erth 33%        4d15      1%          5
e - Shock                 Conj/Air       100%       1d9       1%          1
f - Sticky Flame          Conj/Fire      45%        2d6       1%          4
g - Lee's Rapid Deconstr  Erth           37%        3d19*     1%          5

Your spell library contained the following spells:

 Spells                   Type           Power      Damage    Failure   Level
 Spellforged Servitor     Conj/Summ      12%        N/A       96%         7
 Passwall                 Tmut/Erth      44%        N/A       1%          2
 Poisonous Vapours        Pois/Air       54%        N/A       1%          2
 Static Discharge         Conj/Air       42%        N/A       1%          2
 Ignite Poison            Fire/Tmut/Pois 24%        N/A       1%          3
 Lightning Bolt           Conj/Air       21%        1d36      2%          5
 Petrify                  Tmut/Erth      53%        N/A       5%          4
 Sting                    Tmut/Pois      40%        1d5       6%          1
 Animate Skeleton         Necr           18%        N/A       7%          1
 Apportation              Tloc           18%        N/A       7%          1
 Corona                   Hex            10%        N/A       7%          1
 Pain                     Necr           36%        1d5       7%          1
 Summon Small Mammal      Summ           36%        N/A       7%          1
 Olgreb's Toxic Radiance  Pois           9%         N/A       17%         4
 Confusing Touch          Hex            9%         N/A       22%         3
 Gell's Gravitas          Tloc           4%         N/A       22%         3
 Ozocubu's Armour         Ice            9%         N/A       22%         3
 Summon Guardian Golem    Hex/Summ       9%         N/A       22%         3
 Teleport Other           Tloc           9%         N/A       22%         3
 Vampiric Draining        Necr           4%         2d6       22%         3
 Animate Dead             Necr           4%         N/A       56%         4
 Cause Fear               Hex            4%         N/A       56%         4
 Summon Mana Viper        Hex/Summ       9%         N/A       89%         5
 Maxwell's Capacitive Co  Air            22%        ∞         96%         8
 Dispersal                Tloc           4%         N/A       100%        6
 Dragon Form              Tmut           6%         N/A       100%        7
 Haunt                    Necr/Summ      4%         N/A       100%        7
 Ozocubu's Refrigeration  Ice            4%         4d5       100%        7
 Borgnjor's Revivificati  Necr           4%         N/A       100%        8
 Infestation              Necr           4%         N/A       100%        8
 Necromutation            Tmut/Necr      5%         N/A       100%        8
 Death's Door             Necr           4%         N/A       100%        9
 Dragon's Call            Summ           4%         N/A       100%        9


Dungeon Overview and Level Annotations

Branches:
Dungeon (12/15)            Temple (1/1) D:7            Lair (6/6) D:9
 Shoals (0/4) Lair:3       Spider (0/4) Lair:2        Slime (0/5) Lair:6
Ossuary (visited)         Gauntlet (visited)
    Orc: D:9-12

Altars:
Ashenzari
Cheibriados
Dithmenos
Elyvilon
Fedhas
Gozag
Hepliaklqana
Kikubaaqudgha
Makhleb
Nemelex Xobeh
Okawaru
Qazlal
Ru
Sif Muna
Trog
Uskayaw
Vehumet
Wu Jian
Xom
Yredelemnul
Zin
The Shining One

Shops:
D:1 *((((   D:8 *

Annotations:
D:8 Gastronok
D:11 3 runed translucent doors, Descartes's ghost, journeyman SpDe; FDRCH's ghost, journeyman DECj; Jabberih's ghost, journeyman MfIE; Rupert; Sopaderocas's ghost, journeyman DDNe; makewrite's ghost, journeyman MiBe
Lair:6 1 runed translucent door


Innate Abilities, Weirdness & Mutations

You are immune to sickness and miasma.
Your stone body is resilient. (AC +11)
You are immune to poison.
Your large and strong wings let you fly.
You resist negative energy. (rN+)
You are resistant to electric shocks. (rElec)
You are resistant to unholy torment.
You are immune to petrification.


Message History

Press: ? - help, Shift-Dir - straight line, f/p - Nergalle
Aim: Nergalle, wielding a +0 dagger and wearing a +0 robe (almost dead, confused, 92% to hit)
You feel a surge of power!
The stone arrow hits Nergalle!
You kill Nergalle!
Vehumet accepts your kill.
You feel your power returning.
Casting: Stone Arrow (safe; 1% risk of failure)
Confirm with . or Enter, or press ? or * to list all spells.
Aiming: Mephitic Cloud (safe; 1% risk of failure)
Press: ? - help, Shift-Dir - straight line, f - Rupert
Aim: Rupert, wielding a +1 great mace of holy wrath and wearing a +0 ring mail (chance to affect: 24%)
The ball explodes into a vile cloud!
The stinking cloud engulfs Rupert but does no damage.
You hear a shout!
Rupert is engulfed in noxious fumes. x2
Rupert yells loudly at you.
You are confused.
You fly upwards.
Level annotation: 3 runed translucent doors, Descartes's ghost, journeyman SpDe; FDRCH's ghost, journeyman DECj; Jabberih's ghost, journeyman MfIE; Sopaderocas's ghost, journeyman DDNe; makewrite's ghost, journeyman MiBe
There is a stone staircase leading down here.
You bump into the rock wall.
Rupert barely misses you.
You're too confused to move!
Rupert hits you with a +1 great mace of holy wrath!
You hit Rupert.
You shatter Rupert.
Rupert is lightly wounded.
You bump into the rock wall.
Rupert hits you with a +1 great mace of holy wrath!!
You bump into the rock wall.
You feel less confused. Rupert yells loudly at you.
You suddenly lose the ability to move!
Rupert roars madly and goes into a rage!
Rupert goes berserk!
Rupert hits you with a +1 great mace of holy wrath!!
Rupert hits you with a +1 great mace of holy wrath!
* * * LOW HITPOINT WARNING * * *
Rupert hits you with a +1 great mace of holy wrath!
* * * LOW HITPOINT WARNING * * *
Rupert hits you with a +1 great mace of holy wrath!
You die...

#......(..............(.
#..............<..######
#.................##...#
#...............(....#..
#...................###.
##########...>..............##)##
....................(........#.#.
####.#####.#####@#######..#.##.##
#.# #.# #@# #..####..)# #.# #.#
#.# #.##....... #.# #.# #.#
#..####...# #.# #.# #.#
##..#.##.## #.# #.# #.#
#.....#.#.
####.#####.#####.#######..#.##.##
.............................###.
##.#########...[..........##..#..
#.# #..............###...#


You could see Rupert (berserk).

Vanquished Creatures
  A minotaur (Gauntlet)
  A fire dragon (Lair:6)
  10 hydras
  2 boulder beetles
  Erolcha (D:11)
  A two-headed ogre (D:8)
  6 death yaks
  Nergalle (D:12)
  A swamp dragon (Lair:6)
  Pikel (D:7)
  A cyclops (D:11)
  A lindwurm (Lair:6)
  A necromancer (Gauntlet)
  A manticore (D:11)
  23 elephants
  Maurice (D:10)
  4 black mambas
  5 torpor snails (Lair:6)
  14 cane toads
  7 rime drakes
  A kobold demonologist (D:9)
  An efreet (D:11)
  12 komodo dragons
  8 hornets
  3 tyrant leeches (Lair:6)
  A troll (D:10)
  A polar bear (Lair:2)
  Grinder (D:5)
  2 slime creatures (Lair:6)
  10 blink frogs
  2 shadows
  A tarantella (Lair:2)
  3 wyverns
  5 basilisks
  A wraith (D:8)
  60 yaks
  A vampire mosquito (D:11)
  5 steam dragons
  18 water moccasins
  2 ice beasts (D:8)
  4 orc warriors
  5 black bears
  2 sky beasts
  2 necrophages
  11 wolves
  4 centaurs
  A lemure (D:7)
  A kobold brigand (D:10)
  13 bullfrogs
  3 gnoll sergeants
  4 scorpions
  2 elf zombies (Ossuary)
  7 killer bees (D:8)
  11 wights
  6 electric eels (D:10)
  3 howler monkeys
  12 centaur zombies
  A hound (D:5)
  4 human zombies (Ossuary)
  3 jellies
  5 orc priests
  2 bullfrog skeletons
  2 centaur skeletons
  Jessica (D:2)
  4 hell rats (D:8)
  Ijyb (D:3)
  7 iguanas
  13 orc wizards
  3 mummies (Ossuary)
  2 hound skeletons (D:4)
  5 adders
  3 gnolls (D:7)
  5 river rats (D:8)
  A shadow imp (D:7)
  3 white imps
  3 adder zombies (Ossuary)
  A worm (D:2)
  2 dart slugs
  29 orcs
  8 endoplasms
  A giant cockroach (D:1)
  10 goblins
  7 hobgoblins
  A jackal (D:2)
  6 quokkas
  6 ball pythons
  2 bats
  6 frilled lizards
  2 gnoll zombies (Ossuary)
  3 goblin zombies (Ossuary)
  4 hobgoblin zombies (Ossuary)
  5 jackal zombies (Ossuary)
  15 kobolds
  A kobold zombie (Ossuary)
  An orc zombie (Ossuary)
  2 quokka zombies (Ossuary)
  20 rats
  6 rat zombies (Ossuary)
518 creatures vanquished.

Vanquished Creatures (collateral kills)
  A hornet (Lair:6)
1 creature vanquished.

Vanquished Creatures (others)
  A yak (Lair:1)
  A quokka (D:8)
  A rat (D:8)
  68 fungi
  129 plants
  22 withered plants (Gauntlet)
222 creatures vanquished.

Grand Total: 741 creatures vanquished

Notes
Turn   | Place    | Note
-------+----------+-------------------------------------------
     0 | D:1      | Fulminus the Gargoyle Earth Elementalist began the quest
                  | for the Orb.
     0 | D:1      | Reached XP level 1. HP: 10/10 MP: 3/3
   346 | D:1      | Found a faded altar of an unknown god.
   455 | D:1      | Reached skill level 4 in Earth Magic
   514 | D:1      | Reached XP level 2. HP: 9/15 MP: 5/5
   762 | D:1      | Found Aleick's General Store.
   964 | D:1      | Found Xorarghae's Antique Weapon Boutique.
  1064 | D:1      | Found Deicuc's Antique Weapon Emporium.
  1346 | D:1      | Reached XP level 3. HP: 18/19 MP: 6/6
  1350 | D:1      | Learned a level 3 spell: Stone Arrow
  1453 | D:1      | Found Ykkomaxt's Weapon Shop.
  1472 | D:1      | Found Niafuic's Antique Weapon Shoppe.
  1971 | D:2      | Found a shimmering altar of Xom.
  2098 | D:2      | Reached skill level 5 in Earth Magic
  2278 | D:2      | Reached XP level 4. HP: 9/24 MP: 0/7
  2470 | D:2      | Reached skill level 1 in Conjurations
  2768 | D:2      | Noticed Jessica
  2851 | D:2      | Killed Jessica
  3102 | D:3      | Reached XP level 5. HP: 28/28 MP: 2/9
  3550 | D:3      | Noticed Ijyb
  3824 | D:3      | Reached skill level 6 in Earth Magic
  4143 | D:3      | Killed Ijyb
  4144 | D:3      | Reached XP level 6. HP: 29/32 MP: 0/11
  4298 | D:4      | Noticed a black bear
  5246 | D:4      | Killed a black bear
  5247 | D:4      | Reached XP level 7. HP: 31/36 MP: 1/13
  5540 | D:4      | Identified the +0 pair of boots of Vehumet's Castigation
                  | {Rampage rElec rPois Dex-5}
  5636 | D:5      | Entered Level 5 of the Dungeon
  5642 | D:5      | Identified a scroll of acquirement
  5642 | D:5      | Acquired 663 gold pieces
  5714 | D:5      | Noticed Grinder
  5714 | D:5      | Found a sand-covered staircase.
  5723 | D:5      | Paralysed by Grinder for 5 turns
  5730 | D:5      | Killed Grinder
  5731 | D:5      | Reached skill level 7 in Earth Magic
  5738 | Ossuary  | Entered an ossuary
  6005 | Ossuary  | Reached XP level 8. HP: 41/41 MP: 5/15
  6768 | Ossuary  | Reached skill level 1 in Armour
  7039 | Ossuary  | Reached skill level 1 in Fighting
  7039 | Ossuary  | Reached skill level 5 in Conjurations
  7141 | Ossuary  | Reached skill level 5 in Spellcasting
  7214 | Ossuary  | Reached skill level 1 in Staves
  7214 | Ossuary  | Reached skill level 1 in Evocations
  7448 | D:1      | Bought a Trismegistus Codex for 336 gold pieces
  7448 | D:1      | Bought a potion of heal wounds for 60 gold pieces
  7452 | D:1      | Learned a level 3 spell: Mephitic Cloud
  7458 | D:1      | Learned a level 5 spell: Bolt of Magma
  8160 | D:5      | Reached skill level 1 in Fire Magic
  8160 | D:5      | Reached skill level 1 in Air Magic
  8371 | D:5      | Reached skill level 8 in Earth Magic
  8715 | D:6      | Reached XP level 9. HP: 43/48 MP: 0/16
 10443 | D:7      | Noticed Pikel
 10452 | D:7      | Killed Pikel
 10757 | D:7      | Found a burning altar of Makhleb.
 10758 | D:7      | Found a shimmering blue altar of Sif Muna.
 10819 | D:7      | Found a blossoming altar of Fedhas.
 10819 | D:7      | Found a radiant altar of Vehumet.
 10822 | D:7      | Became a worshipper of Vehumet
 10835 | D:7      | Found a staircase to the Ecumenical Temple.
 10844 | Temple   | Entered the Ecumenical Temple
 11196 | D:7      | Noticed a komodo dragon
 11214 | D:7      | Killed a komodo dragon
 11215 | D:7      | Reached skill level 1 in Shields
 11517 | D:7      | Reached XP level 10. HP: 56/56 MP: 14/18
 11812 | D:8      | Noticed a two-headed ogre
 11820 | D:8      | Killed a two-headed ogre
 12534 | D:8      | Reached * piety under Vehumet
 12534 | D:8      | Offered knowledge of Magic Dart by Vehumet.
 12738 | D:8      | Found Vozasch's Assorted Antiques.
 13267 | D:8      | Noticed Gastronok
 13611 | D:8      | Reached skill level 9 in Earth Magic
 13669 | D:8      | Reached skill level 5 in Fire Magic
 14406 | D:9      | Reached ** piety under Vehumet
 14406 | D:9      | Offered knowledge of Shock by Vehumet.
 15031 | D:9      | Reached XP level 11. HP: 61/61 MP: 15/20
 15366 | D:9      | Learned a level 1 spell: Shock
 15427 | D:9      | Noticed a sixfirhy
 15577 | D:9      | Offered knowledge of Frozen Ramparts by Vehumet.
 15844 | D:9      | Found a staircase to the Lair.
 16019 | Lair:1   | Entered Level 1 of the Lair of Beasts
 16339 | D:9      | Reached *** piety under Vehumet
 16492 | Lair:1   | Noticed a four-headed hydra
 16795 | Lair:1   | Noticed a six-headed hydra
 16795 | Lair:1   | Noticed a five-headed hydra
 16877 | D:9      | Killed a six-headed hydra
 16878 | D:9      | Reached skill level 5 in Fighting
 17054 | Lair:1   | Noticed an eight-headed hydra
 17187 | Lair:1   | Killed a five-headed hydra
 17367 | Lair:1   | Killed an eight-headed hydra
 17550 | Lair:2   | Reached skill level 5 in Staves
 17550 | Lair:2   | Offered knowledge of Hailstorm by Vehumet.
 17551 | Lair:2   | Reached XP level 12. HP: 52/68 MP: 12/22
 17727 | Lair:2   | Found a hole to the Spider Nest.
 17808 | Lair:2   | Reached skill level 10 in Earth Magic
 18022 | Lair:2   | Noticed a seven-headed hydra
 18263 | Lair:1   | Killed a four-headed hydra
 18579 | Lair:2   | Reached skill level 5 in Dodging
 19017 | Lair:2   | Killed a seven-headed hydra
 19034 | Lair:2   | Reached skill level 5 in Evocations
 19814 | Lair:3   | Noticed a four-headed hydra
 19820 | Lair:3   | Reached skill level 5 in Air Magic
 19974 | Lair:3   | Found a staircase to the Shoals.
 20261 | Lair:2   | Reached **** piety under Vehumet
 20612 | Lair:3   | Killed a four-headed hydra
 20753 | Lair:3   | Reached XP level 13. HP: 75/75 MP: 11/24
 20871 | Lair:3   | You fall into a shaft and drop 2 floors!
 21426 | Lair:3   | Offered knowledge of Sticky Flame by Vehumet.
 21464 | Lair:3   | Learned a level 4 spell: Sticky Flame
 22722 | Lair:3   | Reached skill level 11 in Earth Magic
 24630 | Lair:5   | Gained mutation: Your large and strong wings let you fly.
                  | [Gargoyle growth]
 24630 | Lair:5   | Reached XP level 14. HP: 82/82 MP: 19/26
 24731 | Lair:5   | Reached ***** piety under Vehumet
 24895 | Lair:5   | Offered knowledge of Spellforged Servitor by Vehumet.
 25838 | Lair:6   | Entered Level 6 of the Lair of Beasts
 26882 | Lair:6   | Found a staircase to the Slime Pits.
 27053 | Lair:6   | Found a runed translucent door.
 29158 | D:10     | Entered Level 10 of the Dungeon
 29282 | D:10     | Found a glowing golden altar of the Shining One.
 29282 | D:10     | Found a hide-covered altar of Uskayaw.
 29325 | D:10     | Noticed Maurice
 29335 | D:10     | Killed Maurice
 29957 | D:11     | Noticed Erolcha
 29975 | D:11     | Found a gate leading to a gauntlet.
 29984 | Gauntlet | Entered a Gauntlet
 29984 | Gauntlet | Found a transporter.
 29997 | Gauntlet | Found a transporter.
 29997 | Gauntlet | Found a transporter.
 29999 | Gauntlet | Found a transporter.
 30028 | Gauntlet | Found a transporter.
 30041 | Gauntlet | Found a transporter.
 30046 | Gauntlet | Found a transporter.
 30065 | Gauntlet | Found a transporter.
 30083 | Gauntlet | Found a transporter.
 30095 | Gauntlet | Found a transporter.
 30112 | Gauntlet | Found a transporter.
 30129 | Gauntlet | Found a transporter.
 30138 | Gauntlet | Found a transporter.
 30144 | Gauntlet | Found a transporter.
 30157 | Gauntlet | Found a large runed translucent door.
 30158 | Gauntlet | Found a large runed translucent door.
 30159 | Gauntlet | Found a large runed translucent door.
 30159 | Gauntlet | Found a large runed translucent door.
 30160 | Gauntlet | Found a runed translucent gate.
 30161 | Gauntlet | Found a transporter.
 30161 | Gauntlet | Found a runed translucent gate.
 30162 | Gauntlet | Found a runed translucent gate.
 30163 | Gauntlet | Found a large runed translucent door.
 30163 | Gauntlet | Found a large runed translucent door.
 30164 | Gauntlet | Found a large runed translucent door.
 30165 | Gauntlet | Found a large runed translucent door.
 30175 | Gauntlet | Found a large runed translucent door.
 30175 | Gauntlet | Found a large runed translucent door.
 30175 | Gauntlet | Found a runed translucent door.
 30175 | Gauntlet | Found a runed translucent door.
 30176 | Gauntlet | Found a large runed translucent door.
 30177 | Gauntlet | Found a large runed translucent door.
 30179 | Gauntlet | Found a transporter.
 30186 | Gauntlet | Found a large runed translucent door.
 30186 | Gauntlet | Found a large runed translucent door.
 30187 | Gauntlet | Found a large runed translucent door.
 30188 | Gauntlet | Found a large runed translucent door.
 30198 | Gauntlet | Found a transporter.
 30344 | Gauntlet | Found a transporter.
 30832 | Gauntlet | Got the Collected Works on Earthen Curses
 30894 | D:11     | Killed Erolcha
 31078 | D:11     | Found a runed translucent gate.
 31078 | D:11     | Found a runed translucent gate.
 31078 | D:11     | Found a runed translucent gate.
 31078 | D:11     | Noticed Sopaderocas's ghost (journeyman DDNe)
 31078 | D:11     | Noticed makewrite's ghost (journeyman MiBe)
 31078 | D:11     | Noticed Jabberih's ghost (journeyman MfIE)
 31078 | D:11     | Noticed FDRCH's ghost (journeyman DECj)
 31078 | D:11     | Noticed Descartes's ghost (journeyman SpDe)
 31181 | D:11     | Reached XP level 15. HP: 79/89 MP: 11/27
 31232 | D:11     | Learned a level 5 spell: Lee's Rapid Deconstruction
 31811 | D:11     | Reached skill level 12 in Earth Magic
 31880 | D:12     | Noticed Nergalle
 31882 | D:12     | Noticed Rupert
 31887 | D:12     | Killed Nergalle
 31895 | D:11     | Paralysed by Rupert for 6 turns
 31899 | D:11     | Slain by Rupert

Illustrated notes

Levels and vault maps discovered:
D:1:      psy_arrival_terrarium, layout_loops_ring, serial_shops,
          nicolae_shop_temple_entry_statues_fountains, shop,
          nicolae_diamond_shop, nicolae_lakefront_shop, nicolae_square_shop,
          shapermc_ecumenical_altar_ellora
D:2:      minmay_chambers_of_twos, layout_basic, basic_altar, uniq_jessica
D:3:      layout_loops_cross, st_stairs_2, hangedman_decor_points, uniq_ijyb
D:4:      layout_gridville, kennysheep_boxes
D:5:      layout_rooms, nicolae_ossuary_entry_ruins, uniq_grinder
D:6:      layout_loops_ring
D:7:      layout_basic, mainiacjoe_overflow_alcove_3,
          minmay_temple_entry_stoned_glass, minmay_lizard_king, uniq_pikel
D:8:      lemuel_ratsnest, layout_layer_cave, serial_shops,
          kennysheep_little_box, kennysheep_kite_vault, uniq_gastronok
D:9:      layout_stronghold, due_lair_maze_entry_diamond
D:10:     layout_gridville, chequers_temple_overflow_statue_of_worship,
          chequers_big_river, chequers_garden, uniq_maurice
D:11:     layout_small_grid, gammafunk_ghost_cemetery, gauntlet_entry_generic,
          chequers_arboretum, minmay_fractal_squares_gapless_5, uniq_erolcha
D:12:     minmay_cornered_nines, layout_cave_pools,
          kennysheep_orc_monster_closet_entryway, serial_shops, shop,
          uniq_nergalle, uniq_rupert
Temple:   eino_temple_rhombus
Lair:1:   layout_chaotic_city
Lair:2:   layout_layer_cave, spider_nest_entry_rubble
Lair:3:   layout_roguey, elwin_shoals_entry_rocks, serial_bayou_shore_a,
          infiniplex_staircase_pool
Lair:4:   layout_cave_shapes
Lair:5:   layout_roguey
Lair:6:   guppyfry_lair_end_dragon, layout_cave_shapes, wormcave,
          minmay_slime_entry_pillars

Skill      XL: |  1  2  3  4  5  6  7  8  9 10 11 12 13 14 15 |
---------------+----------------------------------------------+-----
Earth Magic    | 4 5 6 7 8 9 10 11 12 | 12.0
Conjurations   | 1 2 3 4 5 6 7 |  7.0
Spellcasting   | 3 4 5 6 7 8 9 |  9.0
Armour         | 2 3 4 |  4.0
Fighting       | 1 3 4 5 6 7 8 |  8.7
Staves         | 1 2 4 5 6 7 8 |  8.0
Evocations     | 1 2 3 4 5 6 7 |  7.3
Dodging        | 2 3 4 5 6 7 |  7.0
Fire Magic     | 1 3 5 7 8 9 |  9.9
Air Magic      | 1 2 3 4 5 6 8 |  8.4
Shields        | 1 3 4 |  4.0
Stealth        | |  2.1
Transmutations | |  0.7

Action                   |  1- 3 |  4- 6 |  7- 9 | 10-12 | 13-15 || total
-------------------------+-------+-------+-------+-------+-------++-------
Melee: Unarmed           |    27 |       |       |       |       ||    27
       Staff             |    71 |   153 |   270 |   202 |   199 ||   895
 Cast: Sandblast         |    29 |    43 |     1 |    28 |    27 ||   128
       Stone Arrow       |       |    15 |   122 |   274 |   367 ||   778
       Mephitic Cloud    |       |       |     5 |    26 |    55 ||    86
       Shock             |       |       |       |     5 |    20 ||    25
       Bolt of Magma     |       |       |       |     5 |     8 ||    13
       Sticky Flame      |       |       |       |       |    57 ||    57
Evoke: Wand              |       |       |    10 |    10 |    19 ||    39
  Use: Scroll            |       |     1 |    11 |     2 |    14 ||    28
       Potion            |       |       |       |       |     1 ||     1
 Stab: Sleeping          |     3 |     4 |       |       |       ||     7
       Confused          |       |       |     1 |     4 |     6 ||    11
Armor: Robe              |    50 |    74 |   172 |   147 |    83 ||   526
       Steam dragon scal |       |       |       |       |    87 ||    87
Dodge: Dodged            |    57 |   108 |   223 |   195 |   180 ||   763
Block: Buckler           |       |       |       |    26 |   114 ||   140
